[Event "DVM U20 2019"]
[Site "Braunschweig"]
[Date "2019.12.29"]
[Round "5"]
[White "Holinka, Henning"]
[Black "Poghosyan, Tigran"]
[Result "1-0"]
[ECO "B94"]
[WhiteElo "2233"]
[BlackElo "2302"]
[Annotator "NA"]
[PlyCount "82"]
[EventDate "2019.12.27"]
[EventType "team-tourn"]
[EventRounds "7"]
[EventCountry "GER"]
[SourceTitle "playchess.com"]
[Source "ChessBase"]
[SourceQuality "1"]
[WhiteTeam "Hamburger SK"]
[BlackTeam "Lübecker SV"]
[TimeControl "40/5400+30:1800+30"]

1. e4 c5 2. Nf3 d6 3. d4 cxd4 4. Nxd4 Nf6 5. Nc3 a6 {[%emt 0:00:00] unterminated} 6. Bg5 Nbd7 {[%emt 0:00:21] unterminated} ({Predecessor:} 6... e6 7. f4 Nbd7 {0-1 (51) Yu,Y (2626)-Negi,P (2640) Ho Chi Minh City 2012}) 7. Qe2 {[%emt 0:08:14] unterminated} e6 {[%emt 0:00:57] unterminated} 8. f4 Qc7 {[%emt 0:00:36] unterminated} 9. O-O-O b5 {[%emt 0:00:49] unterminated} 10. a3 {[%emt 0:02:35] unterminated unterminated. B96: Sicilian Najdorf: 6 Bg5 e6 7 f4, lines other than 7...Qb6 and 7...Be7} Be7 $146 {[%emt 0:02:01] unterminated} (10... Bb7 11. g4 h6 12. Bh4 Be7 13. Be1 Rc8 14. Bg2 Qc4 15. Qd2 Nxg4 16. Rg1 b4 17. axb4 Qxb4 {1-0 (36) Tsydypov,Z (2529)-Nepomniachtchi,I (2763) St Petersburg 2018}) 11. g4 {[%emt 0:01:45] unterminated} Rb8 {[%emt 0:01:29] unterminated} 12. Bg2 {[%emt 0:14:56] unterminated} h6 {[%emt 0:00:39] unterminated} 13. Bh4 {[%emt 0:04:30] unterminated} b4 {[%emt 0:02:32] unterminated} 14. axb4 Rxb4 {[%emt 0:00:12] unterminated} 15. Bf2 {[%emt 0:09:10] unterminated} (15. Be1 $5 ) 15... g5 {[%emt 0:01:23] unterminated} 16. fxg5 Nxg4 {[%emt 0:01:18] unterminated} 17. Qxg4 Bxg5+ {[%emt 0:00:05] unterminated} 18. Kb1 Qxc3 19. Nb3 {[%emt 0:00:52] unterminated} Qc7 {[%emt 0:04:51] unterminated} 20. Qg3 {[%emt 0:03:22] unterminated} e5 {[%emt 0:21:05] unterminated} 21. h4 {[%emt 0:01:12] unterminated} Be7 {[%emt 0:07:01] unterminated} 22. Be1 {[%emt 0:03:22] unterminated} Rb8 23. Rf1 Nf6 24. Bd2 Rg8 25. Qf2 Be6 26. Bf3 Qb7 27. Bxh6 a5 28. Bc1 {[%emt 0:00:26] unterminated} a4 29. Nd2 {[%emt 0:00:11] unterminated} Kd7 $17 {[%emt 0:01:53] unterminated} 30. Be2 Ng4 31. Qg3 Nf6 32. Qa3 d5 33. Qxa4+ Kd8 34. Nc4 Nxe4 35. Qa5+ Qc7 36. Rxd5+ Kc8 37. Qa6+ Qb7 38. Nb6+ Kc7 39. Qxb7+ Rxb7 40. Rxe5 Ng3 41. Nd5+ Kd6 {[%emt 0:14:44] normal} 1-0

[Event "DVM U20 2019"]
[Site "Braunschweig"]
[Date "2019.12.29"]
[Round "5"]
[White "Wendler, David"]
[Black "Melde, Benjamin"]
[Result "1-0"]
[ECO "B76"]
[WhiteElo "2204"]
[BlackElo "2120"]
[Annotator "NA"]
[PlyCount "91"]
[EventDate "2019.12.27"]
[EventType "team-tourn"]
[EventRounds "7"]
[EventCountry "GER"]
[SourceTitle "playchess.com"]
[Source "ChessBase"]
[SourceQuality "1"]
[WhiteTeam "SK Bebenhausen"]
[BlackTeam "SK Turm Kleve"]
[TimeControl "40/5400+30:1800+30"]

1. e4 c5 2. Nf3 d6 3. d4 Nf6 4. Nc3 cxd4 5. Nxd4 {[%emt 0:00:05] unterminated} g6 6. f3 Bg7 7. Be3 Nc6 {[%emt 0:00:10] unterminated} 8. Qd2 O-O 9. O-O-O d5 10. exd5 Nxd5 11. Nxc6 bxc6 12. Bd4 e5 13. Bc5 Be6 14. Ne4 {[%emt 0:00:31] unterminated [#] unterminated} Nf4 $146 {[%emt 0:01:06] unterminated unterminated. B76: Sicilian Dragon: Yugoslav Attack, 9 g4 and 9 0-0-0} ({Predecessor:} 14... Rb8 15. Bc4 Re8 16. Bb3 a5 17. a4 Rxb3 18. cxb3 Qb8 19. Qc2 Nf4 20. Bd6 Qxb3 21. Qxb3 Bxb3 22. Nc5 Bxd1 23. Rxd1 Nd5 {1-0 (35) Ter Sahakyan,S (2586)-Grigoryan,K (2590) Yerevan 2015}) 15. Bxf8 {[%emt 0:17:32] unterminated} Qxf8 16. Qa5 {[%emt 0:00:50] unterminated} Bd5 {[%emt 0:19:41] unterminated} 17. c4 {[%emt 0:23:35] unterminated} Bxe4 {[%emt 0:03:10] unterminated} 18. fxe4 {[%emt 0:00:04] unterminated} Ne6 {[%emt 0:08:42] unterminated} 19. Bd3 {[%emt 0:01:41] unterminated} Rb8 {[%emt 0:07:29] unterminated} 20. Rhf1 Bh6+ {[%emt 0:00:00] unterminated} 21. Kb1 Be3 {[%emt 0:00:00] unterminated} 22. c5 {[%emt 0:07:32] unterminated} Qxc5 23. Qxc5 Bxc5 {[%emt 0:00:01] unterminated} 24. Bc4 Bd4 {[%emt 0:00:05] unterminated} 25. Bxe6 fxe6 26. b3 {[%emt 0:00:25] unterminated} Kg7 {[%emt 0:02:50] unterminated} 27. Rc1 c5 28. Rc4 {[%emt 0:00:25] unterminated} Rb6 $18 29. Rf3 Rd6 30. Rc1 Rd7 31. Rcf1 Rb7 32. Kc2 a5 33. Kd3 a4 34. Rb1 Rb4 35. Kc2 a3 36. g4 Bb2 37. g5 h6 38. h4 hxg5 39. hxg5 c4 40. Rbf1 cxb3+ 41. axb3 Rb7 42. Kb1 Rc7 43. Rh1 Rc6 44. Rhf1 Rc7 45. Ka2 Rd7 46. b4 {[%emt 0:00:00] normal} 1-0

[Event "DVM U20 2019"]
[Site "Braunschweig"]
[Date "2019.12.29"]
[Round "5"]
[White "Knudsen, Simon"]
[Black "Joeres, Stefan"]
[Result "1/2-1/2"]
[ECO "A04"]
[WhiteElo "2194"]
[BlackElo "2201"]
[Annotator "ChessBase"]
[PlyCount "59"]
[EventDate "2019.12.27"]
[EventType "team-tourn"]
[EventRounds "7"]
[EventCountry "GER"]
[SourceTitle "playchess.com"]
[Source "ChessBase"]
[SourceQuality "1"]
[WhiteTeam "SF Brackel"]
[BlackTeam "Karlsruher SF"]
[TimeControl "40/5400+30:1800+30"]

1. Nf3 c5 2. g3 Nc6 3. Bg2 g6 4. d4 cxd4 5. Nxd4 Bg7 6. Nb3 Nf6 7. O-O O-O 8. Nc3 d6 9. a4 Be6 10. Nd5 Nxd5 11. Bxd5 Bxd5 12. Qxd5 Qc7 13. c3 e6 14. Qd1 Rfd8 15. a5 d5 16. Bg5 Rd6 17. Qc2 Rc8 18. e4 h6 19. Be3 d4 20. cxd4 Nxd4 21. Nxd4 Bxd4 22. Qxc7 Rxc7 23. Bxh6 Bxb2 24. Rad1 Rdd7 25. Be3 Bc3 26. Bxa7 Rxd1 27. Bb6 Rc6 28. Rxd1 {normal} Be5 29. Rb1 {normal} Rc2 30. Kg2 {normal} 1/2-1/2

[Event "DVM U20 2019"]
[Site "Braunschweig"]
[Date "2019.12.29"]
[Round "5"]
[White "Thomsen, Phil"]
[Black "Lutz, Ruben"]
[Result "0-1"]
[ECO "C11"]
[WhiteElo "2147"]
[BlackElo "2132"]
[Annotator "ChessBase"]
[PlyCount "65"]
[EventDate "2019.12.27"]
[EventType "team-tourn"]
[EventRounds "7"]
[EventCountry "GER"]
[SourceTitle "playchess.com"]
[Source "ChessBase"]
[SourceQuality "1"]
[WhiteTeam "Sges Bensheim"]
[BlackTeam "USV TU Dresden"]
[TimeControl "40/5400+30:1800+30"]

1. e4 e6 2. d4 d5 3. Nc3 Nf6 4. e5 Nfd7 5. f4 c5 6. Nf3 Nc6 7. Be3 Be7 8. Qd2 O-O 9. Be2 a6 10. O-O b5 11. a3 Qc7 12. Nd1 Na5 13. b3 Bb7 14. Nf2 Rac8 15. dxc5 Bxc5 16. Bxc5 Nxc5 17. Nd4 Nc6 18. Rfd1 Rfd8 19. Qe3 Qb6 20. Nxc6 Qxc6 21. Qd4 Qc7 22. Rac1 h6 23. Kf1 Ne4 24. Nxe4 dxe4 25. Qe3 Rxd1+ 26. Bxd1 Qa5 27. b4 Qc7 28. c3 Qc4+ 29. Qe2 Qd5 30. Ke1 e3 31. a4 Rd8 32. Rc2 bxa4 33. Ra2 {[%emt 0:01:33] normal} 0-1

[Event "DVM U20 2019"]
[Site "Braunschweig"]
[Date "2019.12.29"]
[Round "5"]
[White "Hoffmann, Jens"]
[Black "Doll, Alexander"]
[Result "1/2-1/2"]
[ECO "C44"]
[WhiteElo "2113"]
[BlackElo "2127"]
[Annotator "ChessBase"]
[PlyCount "44"]
[EventDate "2019.12.27"]
[EventType "team-tourn"]
[EventRounds "7"]
[EventCountry "GER"]
[SourceTitle "playchess.com"]
[Source "ChessBase"]
[SourceQuality "1"]
[WhiteTeam "SF HN-Biberach"]
[BlackTeam "OSG Baden-Baden"]
[TimeControl "40/5400+30:1800+30"]

1. e4 e5 2. Nf3 Nc6 3. d4 exd4 4. Nxd4 Nf6 5. Nc3 Bb4 6. Nxc6 bxc6 7. Bd3 d5 8. exd5 O-O 9. O-O cxd5 10. Bg5 c6 11. Qf3 Bd6 12. Ne2 Bg4 13. Bxf6 Bxf3 14. Bxd8 Bxe2 15. Bxe2 Rfxd8 16. Bf3 Be5 17. Rab1 Rab8 18. b3 c5 19. Rbd1 d4 20. Rfe1 Bf6 21. Bc6 Rb6 22. Ba4 h5 {[%emt 0:01:46] normal} 1/2-1/2

[Event "DVM U20 2019"]
[Site "Braunschweig"]
[Date "2019.12.29"]
[Round "5"]
[White "Meiwes, Thore"]
[Black "Weller, Uli"]
[Result "0-1"]
[ECO "A45"]
[WhiteElo "2106"]
[BlackElo "2070"]
[Annotator "ChessBase"]
[PlyCount "41"]
[EventDate "2019.12.27"]
[EventType "team-tourn"]
[EventRounds "7"]
[EventCountry "GER"]
[SourceTitle "playchess.com"]
[Source "ChessBase"]
[SourceQuality "1"]
[WhiteTeam "SK Lehrte 1919"]
[BlackTeam "SF Augsburg"]
[TimeControl "40/5400+30:1800+30"]

1. d4 Nf6 2. Bf4 e6 3. e3 Be7 4. Nd2 b6 5. h3 O-O 6. Ngf3 d6 7. Bd3 c5 8. O-O Ba6 9. c4 Nc6 10. Qa4 Bb7 11. Bg5 h6 12. Bh4 cxd4 13. exd4 d5 14. Rad1 dxc4 15. Nxc4 Nh5 16. Bxe7 Nxe7 17. Nce5 Nf4 18. Bb1 f6 19. Ng4 Bxf3 20. gxf3 Qd5 {[%emt 0:00:46] normal} 21. Ne5 {[%emt 0:07:41] normal} 0-1

[Event "DVM U20 2019"]
[Site "Braunschweig"]
[Date "2019.12.29"]
[Round "5"]
[White "Roehr, Tobias"]
[Black "Dechant, Georg"]
[Result "1-0"]
[ECO "A61"]
[WhiteElo "2103"]
[BlackElo "2065"]
[Annotator "ChessBase"]
[PlyCount "56"]
[EventDate "2019.12.27"]
[EventType "team-tourn"]
[EventRounds "7"]
[EventCountry "GER"]
[SourceTitle "playchess.com"]
[Source "ChessBase"]
[SourceQuality "1"]
[WhiteTeam "SG Aufbau Elbe Magdeburg"]
[BlackTeam "SC Bavaria Regensburg"]
[TimeControl "40/5400+30:1800+30"]

1. d4 Nf6 2. c4 c5 3. d5 e6 4. Nc3 exd5 5. cxd5 d6 6. Nf3 g6 7. Bf4 Bg7 8. h3 O-O 9. e3 a6 10. a4 Nh5 11. Bh2 f5 12. Nd2 Qe7 13. Be2 f4 14. e4 Nf6 15. Qc2 Nfd7 16. g3 Bh6 17. gxf4 Bxf4 18. Bxf4 Rxf4 19. Nc4 Qh4 20. Nxd6 Rxf2 21. Kd1 Ne5 22. Nxc8 Nbd7 23. Nd6 Qe7 24. Nc4 Nxc4 25. Bxc4 Qf7 26. d6 Qxc4 27. Qxf2 Ne5 28. Qd2 Nd3 {[%emt 0:00:05] normal} 1-0

[Event "DVM U20 2019"]
[Site "Braunschweig"]
[Date "2019.12.29"]
[Round "5"]
[White "Koll, Lukas"]
[Black "Kartsev, Nikolay"]
[Result "1/2-1/2"]
[ECO "A22"]
[WhiteElo "2093"]
[BlackElo "2092"]
[Annotator "NA"]
[PlyCount "64"]
[EventDate "2019.12.27"]
[EventType "team-tourn"]
[EventRounds "7"]
[EventCountry "GER"]
[SourceTitle "playchess.com"]
[Source "ChessBase"]
[SourceQuality "1"]
[WhiteTeam "Karlsruher SF"]
[BlackTeam "SF Brackel"]
[TimeControl "40/5400+30:1800+30"]

1. c4 e5 2. Nc3 Nf6 3. g3 Bb4 4. Bg2 O-O 5. Nd5 Bc5 6. e3 c6 7. Nxf6+ Qxf6 8. Ne2 Re8 9. O-O Bf8 10. Qc2 d6 11. b3 Qg6 12. e4 d5 13. d3 dxe4 14. dxe4 Na6 15. Be3 Bc5 16. Bxc5 Nxc5 17. Rad1 Bg4 18. f3 Be6 19. b4 Na6 20. a3 Qh6 21. f4 Bg4 22. Bf3 Bxf3 23. Rxf3 exf4 24. Nxf4 Qf6 25. Qe2 Rad8 26. Rfd3 Rxd3 27. Qxd3 Qe5 28. Qd4 Qxd4+ 29. Rxd4 c5 30. Rd7 cxb4 31. axb4 Nxb4 32. Rxb7 a5 {[%emt 0:00:12] normal} 1/2-1/2

[Event "DVM U20 2019"]
[Site "Braunschweig"]
[Date "2019.12.29"]
[Round "5"]
[White "Richter, Philipp"]
[Black "Keller, Yannik"]
[Result "1-0"]
[ECO "B06"]
[WhiteElo "2084"]
[BlackElo "2020"]
[Annotator "NA"]
[PlyCount "33"]
[EventDate "2019.12.27"]
[EventType "team-tourn"]
[EventRounds "7"]
[EventCountry "GER"]
[SourceTitle "playchess.com"]
[Source "ChessBase"]
[SourceQuality "1"]
[WhiteTeam "USV TU Dresden"]
[BlackTeam "Sges Bensheim"]
[TimeControl "40/5400+30:1800+30"]

1. d4 g6 2. e4 Bg7 3. Nf3 d6 4. Bc4 Nf6 5. Qe2 e5 6. dxe5 dxe5 7. Nxe5 O-O 8. Nc3 Qe7 9. f4 c6 10. a4 Be6 11. Bxe6 Qxe6 12. O-O Re8 13. Re1 Na6 14. Nf3 Nc5 15. Ng5 Qd7 16. Qc4 Nfxe4 17. Ngxe4 {[%emt 0:13:20] normal} 1-0

[Event "DVM U20 2019"]
[Site "Braunschweig"]
[Date "2019.12.29"]
[Round "5"]
[White "Wu, Luka"]
[Black "Geltz, Noah"]
[Result "0-1"]
[ECO "C67"]
[WhiteElo "2073"]
[BlackElo "2054"]
[Annotator "NA"]
[PlyCount "120"]
[EventDate "2019.12.27"]
[EventType "team-tourn"]
[EventRounds "7"]
[EventCountry "GER"]
[SourceTitle "playchess.com"]
[Source "ChessBase"]
[SourceQuality "1"]
[WhiteTeam "OSG Baden-Baden"]
[BlackTeam "SF HN-Biberach"]
[TimeControl "40/5400+30:1800+30"]

1. e4 e5 2. Nf3 Nc6 3. Bb5 Nf6 4. O-O Nxe4 5. Re1 Nd6 6. Nxe5 Nxe5 7. Rxe5+ Be7 8. Bf1 O-O 9. d4 Bf6 10. Re1 Re8 11. c3 Rxe1 12. Qxe1 Nf5 13. Bf4 d6 14. Na3 Bd7 15. Bd3 Qe7 16. Qd1 g6 17. Qb3 b6 18. Kf1 Bg5 19. Re1 Qf6 20. Qd5 c6 21. Qf3 Nxd4 22. Bxg5 Qxf3 23. gxf3 Bh3+ 24. Kg1 Nxf3+ 25. Kh1 Bg2+ 26. Kxg2 Nxe1+ 27. Kf1 Nxd3 28. b3 Re8 29. Nc2 Re5 30. Be3 c5 31. Na3 d5 32. Nb5 Re7 33. Kg2 Rd7 34. Kf3 a6 35. Na3 f5 36. Ke2 Ne5 37. Nc2 Re7 38. f3 Kg7 39. h3 h6 40. f4 Nc6 41. Kf3 Re4 42. Bd2 d4 43. cxd4 Nxd4+ 44. Nxd4 cxd4 45. a4 Kf7 46. Kf2 Ke6 47. Kf3 Kd5 48. Kf2 d3 49. Kf3 g5 50. fxg5 hxg5 51. Bc3 g4+ 52. hxg4 fxg4+ 53. Kg3 Re2 54. Kxg4 d2 55. Bxd2 Rxd2 56. Kf3 Rd3+ 57. Ke2 Ke4 58. b4 a5 59. b5 {[%emt 0:00:11] normal} Kd4 60. Kf2 Re3 {[%emt 0:00:09] normal} 0-1

[Event "DVM U20 2019"]
[Site "Braunschweig"]
[Date "2019.12.29"]
[Round "5"]
[White "Gabler, Eric"]
[Black "Hoffmann, Lennard"]
[Result "*"]
[ECO "D05"]
[WhiteElo "2064"]
[BlackElo "2059"]
[Annotator "NA"]
[PlyCount "65"]
[EventDate "2019.12.27"]
[EventType "team-tourn"]
[EventRounds "7"]
[EventCountry "GER"]
[SourceTitle "playchess.com"]
[Source "ChessBase"]
[SourceQuality "1"]
[WhiteTeam "SC Bavaria Regensburg"]
[BlackTeam "SG Aufbau Elbe Magdeburg"]
[TimeControl "40/5400+30:1800+30"]

1. d4 Nf6 2. Nf3 d5 3. e3 e6 {[%emt 0:00:24] unterminated} 4. b3 {[%emt 0:00:44] unterminated} c5 {[%emt 0:01:52] unterminated} 5. Bb2 {[%emt 0:00:33] unterminated} Bd6 6. Bd3 {[%emt 0:00:25] unterminated} O-O 7. O-O {[%emt 0:00:12] unterminated} Nbd7 {[%emt 0:03:11] unterminated} 8. Nbd2 {[%emt 0:04:11] unterminated} Re8 {[%emt 0:05:58] unterminated unterminated. D05: Colle System with ...e6} (8... b6 9. Ne5 Bb7 10. f4 cxd4 11. exd4 Ne4 12. Qe2 f5 13. Nxe4 fxe4 14. Bb5 Nxe5 15. fxe5 Bc7 16. Ba3 Rf5 17. Qg4 Qg5 18. Qxg5 Rxg5 {1-0 (28) Dzagnidze,N (2522)-Lei,T (2528) Riadh 2017}) 9. Ne5 {[%emt 0:01:47] unterminated} Qc7 {[%emt 0:01:47] unterminated} 10. f4 {[%emt 0:07:47] unterminated} Rb8 {[%emt 0:04:32] unterminated} 11. Qe2 {[%emt 0:07:45] unterminated} a6 12. a4 {[%emt 0:00:10] unterminated} Nf8 $146 {[%emt 0:04:04] unterminated} ({Predecessor:} 12... cxd4 13. exd4 Nf8 14. Ndf3 {1-0 (45) Karimov,A (2168)-Lei,K (1544) Ashkhabad 2017}) 13. Rf3 {[%emt 0:12:48] unterminated} Re7 {[%emt 0:33:16] unterminated} 14. Rh3 {[%emt 0:02:24] unterminated} b5 {[%emt 0:05:21] unterminated} 15. axb5 axb5 {[%emt 0:00:12] unterminated} 16. dxc5 {[%emt 0:06:32] unterminated} Qxc5 {[%emt 0:02:41] unterminated} 17. g4 {[%emt 0:02:02] unterminated} Bb7 18. Bd4 {[%emt 0:00:34] unterminated} Qc7 19. g5 {[%emt 0:04:08] unterminated} Ne8 $18 20. c3 f6 21. Qh5 f5 22. g6 Nf6 23. gxh7+ N8xh7 24. Qh4 b4 25. cxb4 Bxb4 26. Ndf3 Bc3 27. Rc1 Bxd4 28. Rxc7 Bxe3+ 29. Kf1 {[%emt 0:00:58] unterminated} Rxc7 30. Ng5 {[%emt 0:00:50] unterminated} Bxf4 {[%emt 0:02:00] unterminated} 31. Qxf4 {[%emt 0:01:05] unterminated} Nxg5 32. Qxg5 {unterminated} Bc8 {unterminated} 33. Be2 {[%emt 0:04:35] unterminated} *

[Event "DVM U20 2019"]
[Site "Braunschweig"]
[Date "2019.12.29"]
[Round "5"]
[White "Garbuz, Vitaliy"]
[Black "Brunner, Wilken"]
[Result "1/2-1/2"]
[ECO "C05"]
[WhiteElo "2064"]
[BlackElo "1978"]
[Annotator "NA"]
[PlyCount "51"]
[EventDate "2019.12.27"]
[EventType "team-tourn"]
[EventRounds "7"]
[EventCountry "GER"]
[SourceTitle "playchess.com"]
[Source "ChessBase"]
[SourceQuality "1"]
[WhiteTeam "SF Brackel"]
[BlackTeam "Karlsruher SF"]
[TimeControl "40/5400+30:1800+30"]

1. e4 e6 2. d4 d5 3. Nd2 Nf6 4. e5 Nfd7 5. f4 c5 6. c3 Nc6 7. Ndf3 Qb6 8. g3 f6 {[%emt 0:00:20] unterminated} 9. Bd3 cxd4 {[%emt 0:01:13] unterminated} 10. cxd4 Bb4+ {[%emt 0:00:07] unterminated} 11. Kf1 {[%emt 0:00:18] unterminated} O-O 12. Kg2 {[%emt 0:00:10] unterminated} Kh8 13. Bc2 Be7 14. h4 fxe5 15. fxe5 Ndxe5 16. dxe5 Nxe5 {[%emt 0:00:17] unterminated} 17. Nxe5 {[%emt 0:04:37] unterminated} Rf2+ {[%emt 0:01:29] unterminated} 18. Kh3 $18 Qc7 19. Bf4 Qxc2 20. Qh5 g6 21. Qh6 Kg8 22. Ngf3 Rxf3 23. Nxf3 e5+ 24. g4 Bxg4+ 25. Kxg4 exf4 {[%emt 0:00:08] normal} 26. Kh3 {[%emt 0:03:37] normal} 1/2-1/2

[Event "DVM U20 2019"]
[Site "Braunschweig"]
[Date "2019.12.29"]
[Round "5"]
[White "Kracht, Raphael"]
[Black "Wegmer, Leon"]
[Result "1/2-1/2"]
[ECO "B12"]
[WhiteElo "2031"]
[BlackElo "1939"]
[Annotator "NA"]
[PlyCount "111"]
[EventDate "2019.12.27"]
[EventType "team-tourn"]
[EventRounds "7"]
[EventCountry "GER"]
[SourceTitle "playchess.com"]
[Source "ChessBase"]
[SourceQuality "1"]
[WhiteTeam "SF Brackel"]
[BlackTeam "Karlsruher SF"]
[TimeControl "40/5400+30:1800+30"]

1. e4 c6 2. d4 d5 3. e5 Bf5 4. Nf3 e6 5. Be2 Ne7 6. O-O c5 {[%emt 0:00:19] unterminated} 7. Be3 Nec6 {[%emt 0:00:11] unterminated} 8. Nbd2 {[%emt 0:15:39] unterminated} Nd7 {[%emt 0:06:03] unterminated} 9. c4 {[%emt 0:05:07] unterminated} cxd4 10. Nxd4 {[%emt 0:00:18] unterminated} Nxd4 11. Bxd4 $14 Bc5 12. Nb3 Bxd4 13. Nxd4 dxc4 14. Nxf5 exf5 15. Bxc4 O-O 16. e6 Ne5 17. exf7+ Nxf7 18. Qf3 Qf6 19. Qxb7 Rfb8 20. Qf3 Rc8 21. b3 Kh8 22. Bxf7 Qxf7 23. Rac1 g6 24. h3 Kg8 25. Rfd1 a5 26. Rc6 Rxc6 27. Qxc6 Ra7 28. Rd8+ Kg7 29. Qc3+ Kh6 30. Qd2+ Kg7 31. Qd4+ Kh6 32. Qf4+ Kg7 33. Qe5+ Kh6 34. g3 Qe7 35. Qxe7 Rxe7 36. Ra8 Re5 37. Ra7 g5 38. Kg2 Rc5 39. Kf3 Rc3+ 40. Kg2 Rc5 41. a4 Kg6 42. Rb7 Rc3 43. Kf1 f4 44. gxf4 gxf4 45. Kg2 h6 46. Rb5 Rd3 47. Kf1 Rxh3 48. Rxa5 Rxb3 49. Kg2 Ra3 50. Ra8 Kg7 51. a5 Kh7 52. a6 Kg7 53. a7 Kh7 54. f3 h5 55. Kh2 Kg7 56. Kg2 {normal} 1/2-1/2

[Event "DVM U20 2019"]
[Site "Braunschweig"]
[Date "2019.12.29"]
[Round "5"]
[White "McPherson, Elisha"]
[Black "Reimer, Philip"]
[Result "0-1"]
[ECO "B23"]
[WhiteElo "1975"]
[BlackElo "2065"]
[Annotator "NA"]
[PlyCount "60"]
[EventDate "2019.12.27"]
[EventType "team-tourn"]
[EventRounds "7"]
[EventCountry "GER"]
[SourceTitle "playchess.com"]
[Source "ChessBase"]
[SourceQuality "1"]
[WhiteTeam "SF Augsburg"]
[BlackTeam "SK Lehrte 1919"]
[TimeControl "40/5400+30:1800+30"]

1. e4 c5 2. Nc3 Nc6 3. f4 g6 4. Nf3 Bg7 5. Bb5 Nd4 6. O-O Nxb5 7. Nxb5 d6 8. Qe1 a6 9. Nc3 Nf6 10. d3 b5 11. e5 dxe5 12. fxe5 Nd5 13. Ng5 O-O 14. e6 f6 15. Nf7 Rxf7 16. exf7+ Kxf7 17. Ne4 Qb6 18. c3 Qc6 19. c4 bxc4 20. dxc4 Nb4 21. Ng5+ Ke8 22. Qc3 Bb7 23. Rf2 Rd8 24. Nf3 Rd3 25. Qe1 Qd7 26. Be3 Qd6 27. a3 Nc6 28. Rd2 Rxd2 29. Qxd2 Qxd2 30. Nxd2 Nd4 {[%emt 0:00:19] normal} 0-1

[Event "DVM U20 2019"]
[Site "Braunschweig"]
[Date "2019.12.29"]
[Round "5"]
[White "Wiegersma, Justus"]
[Black "Waffenschmidt, Lars"]
[Result "0-1"]
[ECO "A36"]
[WhiteElo "1975"]
[BlackElo "1885"]
[Annotator "NA"]
[PlyCount "43"]
[EventDate "2019.12.27"]
[EventType "team-tourn"]
[EventRounds "7"]
[EventCountry "GER"]
[SourceTitle "playchess.com"]
[Source "ChessBase"]
[SourceQuality "1"]
[WhiteTeam "SK Turm Kleve"]
[BlackTeam "SK Bebenhausen"]
[TimeControl "40/5400+30:1800+30"]

1. c4 c5 2. g3 Nc6 3. Bg2 g6 4. Nc3 Bg7 5. a3 b6 6. Rb1 Bb7 7. b4 d6 8. b5 Na5 9. Bxb7 Nxb7 10. Qb3 Na5 11. Qa2 Bxc3 12. dxc3 Nf6 13. Nf3 Qd7 14. O-O Qe6 15. Bh6 Ne4 16. Rbc1 Nxc4 17. Rfd1 O-O-O 18. a4 d5 19. a5 Nxa5 20. Nd2 Rd7 {[%emt 0:05:35] normal} 21. Be3 {[%emt 0:01:13] normal} Nxd2 {[%emt 0:01:22] normal} 22. Bxd2 {[%emt 0:01:38] normal} 0-1

[Event "DVM U20 2019"]
[Site "Braunschweig"]
[Date "2019.12.29"]
[Round "5"]
[White "Wiesner, Alexander"]
[Black "Elier, Ali"]
[Result "0-1"]
[ECO "D35"]
[WhiteElo "1960"]
[BlackElo "2032"]
[Annotator "NA"]
[PlyCount "42"]
[EventDate "2019.12.27"]
[EventType "team-tourn"]
[EventRounds "7"]
[EventCountry "GER"]
[SourceTitle "playchess.com"]
[Source "ChessBase"]
[SourceQuality "1"]
[WhiteTeam "Karlsruher SF"]
[BlackTeam "SF Brackel"]
[TimeControl "40/5400+30:1800+30"]

1. d4 Nf6 2. c4 e6 3. Nc3 d5 4. cxd5 exd5 5. Bg5 Be7 6. e3 Bf5 7. Bxf6 Bxf6 8. Qb3 Be6 9. Qxb7 Nd7 10. Qb3 Rb8 11. Qc2 c5 12. Nge2 Qb6 13. O-O-O O-O 14. dxc5 Nxc5 15. Nd4 Rfc8 16. Rd2 Ne4 17. Rd3 Nc5 18. Rd2 Bxd4 19. Rxd4 {[%emt 0:04:13] normal} Bf5 {[%emt 0:01:16] normal} 20. Qxf5 Qxb2+ {[%emt 0:00:24] normal} 21. Kd1 Ne4 0-1

[Event "DVM U20 2019"]
[Site "Braunschweig"]
[Date "2019.12.29"]
[Round "5"]
[White "Meyling, Lennart"]
[Black "Doerp, Max Marian"]
[Result "1-0"]
[ECO "D43"]
[WhiteElo "1955"]
[BlackElo "1767"]
[Annotator "NA"]
[PlyCount "101"]
[EventDate "2019.12.27"]
[EventType "team-tourn"]
[EventRounds "7"]
[EventCountry "GER"]
[SourceTitle "playchess.com"]
[Source "ChessBase"]
[SourceQuality "1"]
[WhiteTeam "Hamburger SK"]
[BlackTeam "Lübecker SV"]
[TimeControl "40/5400+30:1800+30"]

1. d4 d5 2. c4 c6 3. Nc3 Nf6 4. Nf3 e6 5. cxd5 {[%emt 0:00:08] unterminated} exd5 6. Bg5 {[%emt 0:00:11] unterminated} h6 7. Bh4 {[%emt 0:00:08] unterminated} Bf5 8. Qb3 $11 Qb6 9. Qxb6 axb6 10. Bxf6 gxf6 11. e3 Na6 12. Kd2 Rg8 13. Nh4 Be6 14. f3 Be7 15. g3 Nc7 16. Bd3 c5 17. Nb5 Kd7 18. Nf5 Bf8 19. Rhc1 c4 20. Nxc7 Bb4+ 21. Kd1 Kxc7 22. Nh4 Kd7 23. Bf5 Rae8 24. b3 Ba3 25. Rc2 b5 26. bxc4 bxc4 27. Rb1 Rb8 28. e4 dxe4 29. fxe4 b5 30. Rc3 Bd6 31. a4 bxa4 32. Rxb8 Rxb8 33. Rxc4 a3 34. Kc2 Rb2+ 35. Kc1 Rxh2 36. Ra4 Kc6 37. Nf3 Rh1+ 38. Kc2 Bxf5 39. exf5 Kb5 40. Ra7 Bxg3 41. Rxa3 Bf4 42. Kd3 Kc6 43. Ke4 Bg5 44. Ra7 Kd6 45. Rxf7 h5 46. Rg7 h4 47. Nxg5 fxg5 48. Rxg5 h3 49. Rg6+ Ke7 50. Rh6 {[%emt 0:00:00] normal} h2 51. Kd5 {[%emt 0:00:00] normal} 1-0